 Dungeon Crawl Stone Soup version 0.30.1 (webtiles) character file.

Game seed: 14478935380189211690

358 Sanktem7 the Chopper (level 6, -4/56 HPs)
             Began as a Minotaur Fighter on July 7, 2023.
             Slain by a gnoll
             ... wielding a +0 flail
             ... led by a gnoll bouda
              (6 damage)
             ... on level 4 of the Dungeon.
             The game lasted 00:04:00 (3087 turns).

Sanktem7 the Chopper (Minotaur Fighter)             Turns: 3087, Time: 00:04:01

Health: -4/56      AC: 12    Str: 22    XL:     6   Next: 37%
Magic:  5/5        EV:  6    Int:  5    God:
Gold:   149        SH:  5    Dex: 10    Spells: 5/5 levels left

rFire   . . .        a - +0 war axe {axe}
rCold   . . .        c - +0 buckler
rNeg    . . .        C - +0 plate armour
rPois   .            (helmet restricted)
rElec   .            (no cloak)
rCorr   .            (no gloves)
SInv    .            (no boots)
Will    .....        (no amulet) Stlth
                     (no ring)
HPRegen 0.29/turn    (no ring)
MPRegen 0.09/turn

%: no passive effects
@: no status effects
A: horns 2, retaliatory headbutt
a: no special abilities


You were on level 4 of the Dungeon.
You visited 1 branch of the dungeon, and saw 4 of its levels.

You collected 149 gold pieces.


Innate Abilities, Weirdness & Mutations

You have a pair of horns on your head.
You reflexively headbutt those who attack you in melee.


   Skills:
 + Level 5.0 Fighting
 * Level 5.5 Axes
 + Level 5.0 Armour
 + Level 5.0 Shields


You had 5 spell levels left.
You didn't know any spells.
Your spell library contained the following spells:

 Spells                   Type           Power      Damage    Failure   Level
 Sandblast                Erth           0%         2d4       100%        1
 Passwall                 Tmut/Erth      0%         N/A       100%        2
 Stone Arrow              Conj/Erth      0%         3d7       100%        3
 Summon Guardian Golem    Hex/Summ       0%         N/A       100%        3
 Orb of Destruction       Conj           0%         9d5       100%        7
 Spellforged Servitor     Conj/Summ      0%         N/A       100%        7

Inventory:

Hand Weapons
 a - a +0 war axe (weapon) {axe}
 b - a +2 short sword of freezing {short}
   (You took it off a kobold on level 3 of the Dungeon)
 v - a +0 flail of draining {mace}
   (You took it off an orc on level 3 of the Dungeon)
Missiles
 i - 27 stones (quivered) {throwing}
 l - 5 javelins {throwing}
 B - 3 poisoned darts {throwing}
Armour
 c - a +0 buckler (worn)
 C - a +0 plate armour (worn)
   (You found it on level 3 of the Dungeon)
Jewellery
 r - a ring of wizardry
   (You found it on level 2 of the Dungeon)
Scrolls
 e - 3 scrolls of amnesia {unknown}
 g - a scroll of noise {unknown}
 j - a scroll of magic mapping {unknown}
 m - 3 scrolls of teleportation {unknown}
 n - a scroll of vulnerability {unknown}
 o - 2 scrolls of poison {unknown}
 p - a scroll of brand weapon {unknown}
 s - a scroll of torment {unknown}
 t - a scroll of identify {unknown}
 u - a scroll of blinking {unknown}
 w - a scroll of enchant weapon {unknown}
 x - a scroll of acquirement {unknown}
Potions
 d - a potion of might
 f - 3 potions of brilliance {unknown}
 h - a potion of ambrosia {unknown}
 k - 2 potions of invisibility {unknown}
 q - 4 potions of heal wounds {unknown}
 z - a potion of haste {unknown}
 A - a potion of curing {unknown}

Dungeon Overview and Level Annotations

Branches:
Dungeon (4/15) Zot: 20815
 Temple: D:4-7

Altars:
Makhleb
Nemelex Xobeh
Xom

..............# #.#
..............# #.#
..............# #.#
....?.†.......# #.#
..............# #.#
..............# #)#
...†......†...# #)#
...)..........##############.#
..........g.gg.g@...........>#
.)........g..g#########...##.#
.)............# #...##.#
##.#####......... #...##.# #.#
#.........# #...##.# #.#
#.........# #...##.# #.#
#........^# #...##.# #.#
#.........# #...##.# #g#
###...##'##


You could see a gnoll bouda and 5 gnolls.


Message History

The orc hits you with a +0 club.
* * * LOW HITPOINT WARNING * * *
😨 HP[-2]
You take 2 damage, and now have 20/56 hp.
You hit the orc. You headbutt the orc. You slash the orc wizard!
A gnoll comes into view. It is wielding a +0 flail.
The orc wizard casts a spell at you. The puff of flame hits you!
* * * LOW HITPOINT WARNING * * *
The orc barely misses you. You furiously retaliate!
You headbutt the orc!
You kill the orc! 😱 HP[-6]
You take 6 damage, and now have 14/56 hp.
You hit something. Your headbutt misses something. You hit the orc wizard.
You kill the orc wizard!
You hear some strange, mumbled words.
A puff of flame appears from out of thin air!
The puff of flame misses you.
You miss something. Something hits you but does no damage.
The gnoll bouda gazes fiercely through you!
You feel your attacks grow feeble. Something hits you but does no damage.
The gnoll bouda barks out a call to the hunt! 😨 HP[+1]
You hit something.
A gnoll comes into view. It is wielding a +0 club.
You hear some strange, mumbled words.
You are confused.
A gnoll comes into view. It is wielding a +0 mace.
Something hits you but does no damage.
Things that are here:
a +0 club {mace}; an orc corpse You bump into the rock wall.
A gnoll comes into view. It is wielding a +0 halberd.
Something hits you but does no damage. 😨 HP[+1]
You bump into the rock wall.
Something hits you but does no damage.
You bump into the rock wall.
Something hits you.
* * * LOW HITPOINT WARNING * * *
😨 HP[-1]
You take 1 damage, and now have 15/56 hp.
Unknown command.
You hit something but do no damage.
Your attacks no longer feel as feeble.
You hear some strange, mumbled words.
A magic dart appears from out of thin air!
The magic dart hits you.
* * * LOW HITPOINT WARNING * * *
😱 HP[-3]
You take 3 damage, and now have 12/56 hp.
You completely miss something. Your headbutt misses something.
Something hits you but does no damage. 😱 HP[+1]
Something hits you.
* * * LOW HITPOINT WARNING * * *
You feel less confused.
You hear some strange, mumbled words.
A puff of flame appears from out of thin air!
The puff of flame misses you.
A gnoll comes into view. It is wielding a +0 spear.
Unknown command. 😱 HP[-2]
You take 2 damage, and now have 11/56 hp.
The gnoll is no longer moving quickly.
You hear some strange, mumbled words.
Something tries to affect you, but you resist. 😱 HP[+1]
The gnoll is no longer moving quickly.
The gnoll bouda gazes fiercely through you!
You feel your attacks grow feeble. Something hits you but does no damage.
The gnoll is no longer moving quickly.
The gnoll bouda barks out a call to the hunt!
The gnolls pick up the pace! 😱 HP[+1]
You block something's attack. Something hits you.
* * * LOW HITPOINT WARNING * * *
😱 HP[-1]
You take 1 damage, and now have 12/56 hp.
Something hits you but does no damage. The gnoll attacks as you move away!
The gnoll barely misses you. You furiously retaliate!
You headbutt the gnoll! 😱 HP[+1]
The gnoll attacks as you move away! The gnoll hits you with a +0 flail.
* * * LOW HITPOINT WARNING * * *
Your attacks no longer feel as feeble. 😱 HP[-5]
You take 5 damage, and now have 8/56 hp.
The gnoll hits you but does no damage.
The gnoll is no longer moving quickly. 😱 HP[+1]
The gnoll attacks as you move away! The gnoll hits you with a +0 flail.
* * * LOW HITPOINT WARNING * * *
A magic dart appears from out of thin air!
The magic dart hits you but does no damage. 😱 HP[-4]
You take 4 damage, and now have 5/56 hp.
The gnoll attacks as you move away! The gnoll hits you with a +0 flail.
* * * LOW HITPOINT WARNING * * *
The gnoll hits you with a +0 flail.
You die...

Skill      XL: |  1  2  3  4  5  6 |
---------------+-------------------+-----
Axes           | 3 4 5 |  5.5
Armour         | 4 5 |  5.0
Shields        | 4 5 |  5.0
Fighting       | 4 5 |  5.0

Action                     |  1- 3 |  4- 6 || total
---------------------------+-------+-------++-------
  Melee: War axe           |    78 |   109 ||   187
         Headbutt          |    16 |    19 ||    35
 Armour: Scale mail        |    22 |    30 ||    52
         Plate armour      |       |    29 ||    29
         Chain mail        |       |     6 ||     6
  Dodge: Dodged            |    36 |    44 ||    80
  Block: Buckler           |    19 |    27 ||    46

Levels and vault maps discovered:
D:1:      dpeg_arrival_ratfight, layout_basic, shapermc_ecumenical_altar_petra
D:2:      cheibrodos_fertilizer, layout_loops_ring, basic_altar,
          hangedman_abyss_or_decor_lesser_grid, minmay_misc_feat_roman
D:3:      wad_lake_hut, layout_basic
D:4:      layout_basic, mainiacjoe_overflow_alcove_2, grunt_temple_overflow_open

Notes
Turn   | Place    | Note
-------+----------+-------------------------------------------
     0 | D:1      | Sanktem7 the Minotaur Fighter began the quest for the Orb.
     0 | D:1      | Reached XP level 1. HP: 19/19 MP: 0/0
     0 | D:1      | magus.rc [v1.9.6]
    63 | D:1      | You pick up a book of Geomancy and begin reading...
    63 | D:1      | You add the spells Sandblast, Passwall and Stone Arrow to
                  | your library.
   101 | D:1      | Reached XP level 2. HP: 26/27 MP: 1/1
   269 | D:1      | Reached skill level 3 in Axes
   855 | D:1      | Found a faded altar of an unknown god.
   899 | D:2      | You pick up a book of Dangerous Friends and begin
                  | reading...
   899 | D:2      | You add the spells Summon Guardian Golem, Orb of
                  | Destruction and Spellforged Servitor to your library.
   907 | D:2      | Reached skill level 4 in Armour
   907 | D:2      | Reached skill level 4 in Shields
   907 | D:2      | Reached XP level 3. HP: 33/33 MP: 2/2
   908 | D:2      | Reached skill level 4 in Fighting
  1236 | D:2      | HP: 7/33 [acid (7)]
  1238 | D:2      | Reached XP level 4. HP: 8/40 MP: 3/3
  1269 | D:1      | Reached skill level 4 in Axes
  1603 | D:2      | Found a shimmering altar of Xom.
  1886 | D:3      | Reached XP level 5. HP: 47/47 MP: 4/4
  3040 | D:4      | Noticed a centaur
  3041 | D:4      | Reached skill level 5 in Axes
  3050 | D:4      | Killed a centaur
  3051 | D:4      | Reached skill level 5 in Fighting
  3051 | D:4      | Reached skill level 5 in Shields
  3051 | D:4      | Reached XP level 6. HP: 32/56 MP: 5/5
  3056 | D:4      | Reached skill level 5 in Armour
  3057 | D:4      | Found a burning altar of Makhleb.
  3057 | D:4      | Found a sparkling altar of Nemelex Xobeh.
  3063 | D:4      | HP: 14/56 [orc wizard/puff of flame (7)]
  3071 | D:4      | HP: 12/56 [something/magic dart (3)]
  3080 | D:4      | HP: 12/56 [something (1)]
  3086 | D:4      | HP: 5/56 [gnoll/+0 flail[a gnoll bouda] (4)]
  3087 | D:4      | HP: 2/56 [gnoll/+0 flail[a gnoll bouda] (3)]
  3087 | D:4      | Slain by a gnoll

Vanquished Creatures
  A centaur (D:4)
  A howler monkey (D:4)
  2 jellies
  2 orc wizards
  An adder (D:2)
  An ufetubus (D:4)
  2 worms
  2 dart slugs
  7 orcs
  4 ball pythons
  5 bats
  20 endoplasms
  A giant cockroach (D:3)
  7 hobgoblins
  3 jackals (D:3)
  13 kobolds
  A quokka (D:2)
  3 frilled lizards
  6 goblins
  14 rats
96 creatures vanquished.

Table legend:
 A = Non-vault XP
 B = Vault XP
 C = Vault XP percentage of total XP
 D = Non-vault monster count
 E = Vault monster count
 F = Vault count percentage of total count
                 A         B        C        D         E       F
            +---------+---------+-------+---------+---------+-------
      Total |     396 |     116 |  22.7 |      74 |      22 |  22.9
            +---------+---------+-------+---------+---------+-------
        D:1 |      29 |      50 |  63.3 |      18 |       6 |  25.0
        D:2 |      46 |      66 |  58.9 |      20 |      16 |  44.4
        D:3 |      82 |       0 |   0.0 |      24 |       0 |   0.0
        D:4 |     239 |       0 |   0.0 |      12 |       0 |   0.0
            +---------+---------+-------+---------+---------+-------

Skill      XL: |  1  2  3  4  5  6 |
---------------+-------------------+-----
Axes           | 3 4 5 |  5.5
Armour         | 4 5 |  5.0
Shields        | 4 5 |  5.0
Fighting       | 4 5 |  5.0

Action                     |  1- 3 |  4- 6 || total
---------------------------+-------+-------++-------
  Melee: War axe           |    78 |   109 ||   187
         Headbutt          |    16 |    19 ||    35
 Armour: Scale mail        |    22 |    30 ||    52
         Plate armour      |       |    29 ||    29
         Chain mail        |       |     6 ||     6
  Dodge: Dodged            |    36 |    44 ||    80
  Block: Buckler           |    19 |    27 ||    46

Illustrated notes

Table legend:
 A = Kills in this place as a percentage of kills in the entire game.
 B = Kills by you in this place as a percentage of kills by you in the entire game.
 C = Kills by friends in this place as a percentage of kills by friends in the entire game.
 D = Other kills in this place as a percentage of other kills in the entire game.
 E = Experience gained in this place as a percentage of experience gained in the entire game.
 F = Experience gained in this place divided by the number of levels of this place that you have seen.
                   A       B       C       D       E      F
               +-------+-------+-------+-------+-------+----------------------
         Total | 100.0 | 100.0 |   N/A |   N/A | 100.0 | 128.0
       Dungeon | 100.0 | 100.0 |   N/A |   N/A | 100.0 | 128.0
               +-------+-------+-------+-------+-------+----------------------

Table legend: (Time is in decaauts)
 A = Elapsed time spent in this place.
 B = Non-inter-level travel time spent in this place.
 C = Inter-level travel time spent in this place.
 D = Time resting spent in this place.
 E = Time spent auto-exploring this place.
 F = Levels seen in this place.
 G = Mean time per level.
                   A        B        C        D        E       F      G
               +--------+--------+--------+--------+--------+-----+--------+
         Total |   3183 |   2779 |    404 |     89 |   2076 |   4 |  795.8 |
       Dungeon |   3183 |   2779 |    404 |     89 |   2076 |   4 |  795.8 |
               +--------+--------+--------+--------+--------+-----+--------+

Top non-repeatable levels by time:
     D:2: 1075 daAuts
     D:1: 988 daAuts
     D:3: 959 daAuts
     D:4: 160 daAuts
